 Dungeon Crawl Stone Soup version 0.19.0-22-gd96e5fe (console) character file.

1673 Monkaria the Fighter (level 8, -1/85 HPs)
             Began as a Deep Dwarf Ice Elementalist on Nov 20, 2016.
             Was a Follower of Makhleb.
             Killed from afar by an orc wizard (3 damage)
             ... with a puff of flame
             ... on level 7 of the Dungeon.
             The game lasted 00:26:44 (7108 turns).

Monkaria the Fighter (Deep Dwarf Ice Elementalist)  Turns: 7108, Time: 00:26:44

Health: -1/85      AC:  4    Str: 14    XL:     8   Next: 70%
Magic:  7/7        EV: 12    Int: 16    God:    Makhleb [*.....]
Gold:   426        SH:  0    Dex: 13    Spells: 1 memorised, 9 levels left

rFire  . . .     SeeInvis .     B - +0 shortbow
rCold  . . .     Gourm    .     a - +0 robe
rNeg   . . .     Faith    +     (shield currently unavailable)
rPois  .         Spirit   .     z - +2 hat
rElec  .         Reflect  .     (no cloak)
rCorr  .         Harm     .     (no gloves)
MR     ++...                    (no boots)
Stlth  ++........               H - amulet of faith
                                (no ring)
                                K - ring of protection from magic

@: non-regenerating
A: damage resistance, recharge devices, sense surroundings 1, slow regeneration
3
a: Device Recharging, Renounce Religion


You were on level 7 of the Dungeon.
You worshipped Makhleb.
Makhleb was aware of your devotion.
You were not hungry.

You visited 2 branches of the dungeon, and saw 8 of its levels.

You collected 426 gold pieces.

Inventory:

Hand Weapons
 m - a +0 blowgun
 y - a +0 short sword
 B - a +0 shortbow (weapon)
 J - a +0 hand axe
Missiles
 e - 268 stones
 j - 9 poisoned needles
 r - 3 tomahawks
 C - 29 arrows (quivered)
Armour
 a - a +0 robe (worn)
 z - a +2 hat (worn)
 I - a cursed +0 ring mail
Jewellery
 w - an uncursed amulet of guardian spirit
 H - an amulet of faith (around neck)
 K - a ring of protection from magic (left hand)
Wands
 c - a wand of heal wounds (1/9)
 F - a wand of flame (0/48)
Scrolls
 h - 2 scrolls of enchant weapon
 o - a scroll of magic mapping {unknown}
 p - 2 scrolls of teleportation
 q - 2 scrolls of remove curse
 D - a scroll of holy word {unknown}
 G - a scroll of blinking {unknown}
 L - a scroll of identify
Potions
 f - 3 potions of curing
 g - a potion of cancellation
 k - 2 potions of agility
 l - 2 potions of mutation
 n - a potion of heal wounds
 s - a potion of degeneration
 v - a potion of might {unknown}
 x - a potion of brilliance {unknown}
 A - a potion of beneficial mutation {unknown}
Books
 b - a book of Frost

   Spells                             Type                      Level
   a - Freeze                         Ice                          1
   b - Throw Frost                    Conjuration/Ice              2
   c - Ozocubu's Armour               Charms/Ice                   3
   d - Throw Icicle                   Conjuration/Ice              4
   e - Summon Ice Beast               Ice/Summoning                4
 t - the Papyrus of Curses
   (You found it on level 4 of the Dungeon)

   Spells                             Type                      Level
   a - Slow                           Hexes                        2
   b - Inner Flame                    Hexes/Fire                   3
   c - Confuse                        Hexes                        3
   d - Summon Mana Viper              Hexes/Summoning              5
   e - Invisibility                   Hexes                        6
Comestibles
 d - 5 bread rations
 i - 2 fruits
 u - a meat ration
 E - a royal jelly


   Skills:
 - Level 9.4 Fighting
 + Level 4.1 Axes
 - Level 2.1 Dodging
 - Level 2.4 Stealth
 - Level 1.7 Spellcasting
   Level 0.8 Conjurations
 - Level 2.6 Ice Magic


You had 9 spell levels left.
You knew the following spells:

 Your Spells              Type           Power        Failure   Level  Hunger
a - Freeze                Ice            ##..         10%         1    ##.....


Dungeon Overview and Level Annotations

Branches:
Dungeon (7/15)             Temple (1/1) D:4

Altars:
Ashenzari
Cheibriados
Dithmenos
Elyvilon
Fedhas
Gozag
Hepliaklqana
Kikubaaqudgha
Makhleb
Nemelex Xobeh
Qazlal
Ru
Trog
Uskayaw
Vehumet
Xom
Yredelemnul
Zin
The Shining One

Shops:
D:6 [


Innate Abilities, Weirdness & Mutations

You are resistant to damage.
You can recharge devices by infusing magical energy.
You passively map a small area around you.
You do not regenerate.


Message History

The arrow hits the orc warrior but does no damage.
The orc warrior is severely wounded.
The orc warrior hits you from afar with a halberd!
* * * LOW HITPOINT WARNING * * *
Firing (i - inventory. (,) - cycle):
C - 31 arrows (quivered)
Press: ? - help, Shift-Dir - straight line, f/p - orc warrior
Aim: an orc warrior, wielding a halberd and wearing a glowing plate armour (severely wounded)
You shoot an arrow. The arrow hits the orc warrior!
You kill the orc warrior!
Makhleb accepts your kill.
Your Axes skill increases to level 4!
Firing (i - inventory. (,) - cycle):
C - 30 arrows (quivered)
Press: ? - help, Shift-Dir - straight line, f - orc wizard
Aim: an orc wizard, wielding a dagger and wearing a robe (lightly wounded)
You shoot an arrow.
The arrow hits the orc wizard but does no damage.
The orc wizard is lightly wounded.
The orc wizard casts a spell at you. The puff of flame hits you!
You die...

, , * #.# ## *** * , *
*#.###. , , * * #†#o#
** ,* *#.## *
#############.#######.#
,,
.%.....(o.............#
*
######o#o###..####(###
* #)#(# #..# #(# #@#o#
#..# #.# #.#(#
#..####.# , , , #.#(#
#.......# , #.#(#
##.###..# #.#(# #.#
#..# #. ###.#
#.#.####.###..#### #.
...#
##.....{........... #.
* #..#
#....##############
##.## #..# #..###


You could see 2 orc wizards.

Vanquished Creatures
  2 orc warriors
  2 phantoms
  4 ogres
  2 centaurs
  A bullfrog (D:3)
  A scorpion (D:6)
  A howler monkey (D:5)
  3 crimson imps
  2 centaur skeletons (D:4)
  A hound (D:4)
  A jelly (D:6)
  An orc priest (D:6)
  4 orc wizards
  4 worker ants
  9 adders
  2 oozes
  An adder skeleton (D:4)
  5 worms
  4 leopard geckos
  13 orcs
  3 giant cockroaches
  7 goblins
  8 hobgoblins
  3 jackals (D:3)
  9 kobolds
  5 quokkas
  3 ball pythons
  9 bats
  4 frilled lizards
  A jackal skeleton (D:4)
  A quokka skeleton (D:5)
  13 rats
129 creatures vanquished.

Notes
Turn   | Place    | Note
-------+----------+-------------------------------------------
     0 | D:1      | Monkaria the Deep Dwarf Ice Elementalist began the quest for the Orb.
     0 | D:1      | Reached XP level 1. HP: 15/15 MP: 3/3
    51 | D:1      | Reached skill level 1 in Fighting
   200 | D:1      | Reached XP level 2. HP: 18/25 MP: 2/4
   500 | D:1      | Reached skill level 2 in Fighting
   753 | D:1      | Reached XP level 3. HP: 22/33 MP: 2/5
   993 | D:2      | Reached skill level 3 in Fighting
  1229 | D:2      | Reached XP level 4. HP: 18/42 MP: 3/6
  2047 | D:3      | Found an ancient bone altar of Kikubaaqudgha.
  2345 | D:3      | Noticed a bullfrog
  2351 | D:3      | Killed a bullfrog
  2351 | D:3      | Reached skill level 4 in Fighting
  2351 | D:3      | Reached XP level 5. HP: 22/51 MP: 3/7
  3062 | D:4      | Found a staircase to the Ecumenical Temple.
  3094 | Temple   | Entered the Ecumenical Temple
  3262 | Temple   | Became a worshipper of Makhleb the Destroyer
  3303 | D:4      | Found a hazy altar of Hepliaklqana.
  3370 | D:4      | Found a faded altar of an unknown god.
  3370 | D:4      | Found a faded altar of an unknown god.
  3375 | D:4      | Found a faded altar of an unknown god.
  3377 | D:4      | Found a sacrificial altar of Ru.
  3388 | D:4      | Found a faded altar of an unknown god.
  3444 | D:4      | Noticed an ogre
  3446 | D:4      | Reached skill level 5 in Fighting
  3464 | D:4      | Reached XP level 6. HP: 20/61 MP: 2/8
  3632 | D:4      | Reached skill level 6 in Fighting
  3812 | D:4      | Reached XP level 7. HP: 11/70 MP: 0/9
  4076 | D:4      | Reached skill level 7 in Fighting
  4593 | D:4      | Identified the Papyrus of Curses
  4757 | D:5      | Entered Level 5 of the Dungeon
  4837 | D:5      | Reached * piety under Makhleb
  5327 | D:5      | HP: 1/73 [phantom (6)]
  5368 | D:5      | Reached skill level 8 in Fighting
  5425 | D:5      | Found a shimmering altar of Xom.
  6298 | D:6      | Found a stormy altar of Qazlal.
  6299 | D:6      | Noticed a fire elemental
  6300 | D:6      | Noticed a water elemental
  6308 | D:6      | Noticed an air elemental
  6380 | D:6      | Reached XP level 8. HP: 50/82 MP: 7/10
  6601 | D:6      | Reached skill level 9 in Fighting
  6791 | D:6      | Found Siteas's Armour Shop.
  6951 | D:7      | Reached skill level 1 in Axes
  7084 | D:7      | HP: 1/85 [centaur (8)]
  7106 | D:7      | HP: 2/85 [orc warrior/halberd (11)]
  7108 | D:7      | Killed from afar by an orc wizard

Skill      XL: |  1  2  3  4  5  6  7  8 |
---------------+-------------------------+-----
Fighting       | 1 2 3 4 5 6 8 9 |  9.4
Axes           | 4 |  4.1
Dodging        | |  2.1
Stealth        | |  2.4
Spellcasting   | |  1.7
Conjurations   | |  0.8
Ice Magic      | |  2.6

Action                   |  1- 3 |  4- 6 |  7- 9 || total
-------------------------+-------+-------+-------++-------
Melee: Unarmed           |    59 |    37 |       ||    96
       Short sword       |       |    23 |    55 ||    78
 Fire: Blowgun           |       |    49 |    19 ||    68
       Shortbow          |       |       |   137 ||   137
Throw: Stone             |    19 |    71 |    84 ||   174
       Javelin           |     4 |    18 |       ||    22
       Tomahawk          |       |       |     6 ||     6
 Cast: Freeze            |    61 |    99 |    73 ||   233
 Abil: Device Recharging |       |       |     3 ||     3
Evoke: Wand              |     2 |    12 |    28 ||    42
  Use: Scroll            |       |     9 |     8 ||    17
 Stab: Sleeping          |       |       |     2 ||     2
  Eat: Chunk             |     2 |    11 |    10 ||    23
       Beef jerky        |       |       |     1 ||     1
Armor: Robe              |    24 |    23 |    46 ||    93
Dodge: Dodged            |    66 |   127 |   150 ||   343
